 Dungeon Crawl Stone Soup version 0.26-a0-739-gf55cbd344a (webtiles) character file.

Game seed: 10418870165650277083

417 lunkers the Cutter (level 7, -4/47 HPs)
             Began as a Halfling Fighter on Nov 5, 2020.
             Slain by Pikel
             ... wielding a +0 whip of electrocution
              (18 damage)
             ... on level 4 of the Dungeon.
             The game lasted 00:06:34 (2710 turns).

lunkers the Cutter (Halfling Fighter)               Turns: 2710, Time: 00:06:34

Health: -4/47      AC: 13    Str: 19    XL:     7   Next: 15%
Magic:  7/7        EV:  5    Int:  6    God:
Gold:   132        SH:  9    Dex: 14    Spells: 6/6 levels left

rFire    . . .     SeeInvis .   a - +1 rapier
rCold    . . .     Faith    .   c - +0 kite shield
rNeg     . . .     Spirit   .   m - +0 plate armour
rPois    .         Reflect  .   (no helmet)
rElec    .         Harm     .   l - +0 cloak
rCorr    .         Rampage  .   (no gloves)
MR       .....                  (no boots)
Stlth    ..........             (no amulet)
HPRegen  0.15/turn              (no ring)
MPRegen  0.10/turn              i - +4 ring of slaying

@: no status effects
A: small, mutation resistance 1
a: no special abilities


You were on level 4 of the Dungeon.
You visited 1 branch of the dungeon, and saw 4 of its levels.

You collected 132 gold pieces.

Inventory:

Hand Weapons
 a - a +1 rapier (weapon)
Armour
 c - a +0 kite shield (worn)
 l - a +0 cloak (worn)
 m - a +0 plate armour (worn)
Jewellery
 i - a +4 ring of slaying (right hand)
 o - an uncursed ring of fire
Scrolls
 f - 2 scrolls of teleportation
 g - a scroll of immolation
 h - a scroll of enchant weapon
 j - 2 scrolls of identify
 n - a scroll of fear
Potions
 d - a potion of might
 e - 4 potions of curing
 k - 2 potions of heal wounds
 p - a potion of invisibility


   Skills:
 + Level 3.8 Fighting
 + Level 6.9 Short Blades
 + Level 4.6 Armour
 - Level 3.2 Shields


You had 6 spell levels left.
You didn't know any spells.
Your spell library was empty.

Dungeon Overview and Level Annotations

Branches:
Dungeon (4/15)
 Temple: D:4-7

Altars:
Hepliaklqana
Nemelex Xobeh

Annotations:
D:4 Pikel


Innate Abilities, Weirdness & Mutations

You are small and have problems with some larger weapons.
You are somewhat resistant to further mutation.


Message History

You puncture Pikel!
Pikel is severely wounded.
Pikel hits you but does no damage.
You are electrocuted!
* * * LOW HITPOINT WARNING * * *
There are monsters nearby!
You hit Pikel but do no damage.
Pikel is severely wounded.
You block Pikel's attack.
You hit Pikel but do no damage.
Pikel is severely wounded.
You block Pikel's attack.
You hit Pikel but do no damage.
Pikel is severely wounded.
Pikel hits you but does no damage.
You hit Pikel.
Pikel is severely wounded.
Pikel hits you with a +0 whip of electrocution.
* * * LOW HITPOINT WARNING * * *
You are electrocuted!!
You die...

### ..# # #
#.#.#
#####K##.#.#
?.55.5.55..#
########5###
# #K# ...
###@#
.....###...#
.(........##
.....###<.#
... #..# #
...# #.#.#
#.#.# ....#


You could see Pikel and 3 lemures.

Vanquished Creatures
  A sky beast (D:3)
  An ogre (D:3)
  Crazy Yiuf (D:3)
  Natasha (thrice) (D:3)
  A worker ant (D:3)
  4 adders
  4 worms
  2 dart slugs
  3 leopard geckos (D:2)
  2 orcs
  4 giant cockroaches
  4 goblins
  8 hobgoblins
  3 jackals (D:1)
  6 kobolds
  A quokka (D:2)
  2 ball pythons
  6 bats
  4 frilled lizards
  6 rats
66 creatures vanquished.

Notes
Turn   | Place    | Note
-------+----------+-------------------------------------------
     0 | D:1      | lunkers the Halfling Fighter began the quest for the Orb.
     0 | D:1      | Reached XP level 1. HP: 15/15 MP: 1/1
    72 | D:1      | Reached skill level 3 in Short Blades
    75 | D:1      | Reached XP level 2. HP: 20/20 MP: 2/2
   457 | D:1      | Reached skill level 4 in Short Blades
   457 | D:1      | Reached XP level 3. HP: 25/25 MP: 3/3
  1123 | D:2      | Reached XP level 4. HP: 30/30 MP: 4/4
  1217 | D:2      | Reached skill level 5 in Short Blades
  1773 | D:3      | Found a runed translucent door.
  1787 | D:3      | Reached skill level 6 in Short Blades
  1787 | D:3      | Reached XP level 5. HP: 31/35 MP: 5/5
  1826 | D:3      | Noticed Natasha
  1826 | D:3      | Noticed a sky beast
  1861 | D:3      | Killed a sky beast
  1861 | D:3      | Reached XP level 6. HP: 27/42 MP: 6/6
  1878 | D:3      | Killed Natasha
  2015 | D:3      | Noticed Natasha
  2025 | D:3      | Killed Natasha
  2067 | D:3      | Noticed Natasha
  2071 | D:3      | Killed Natasha
  2143 | D:3      | Noticed an ogre
  2156 | D:3      | Killed an ogre
  2156 | D:3      | Reached XP level 7. HP: 18/47 MP: 7/7
  2482 | D:3      | Found a sparkling altar of Nemelex Xobeh.
  2482 | D:3      | Found a hazy altar of Hepliaklqana.
  2600 | D:3      | Noticed Crazy Yiuf
  2617 | D:3      | Killed Crazy Yiuf
  2690 | D:4      | Noticed Pikel
  2710 | D:4      | Slain by Pikel

Illustrated notes

Levels and vault maps discovered:
D:1:      shiori_arrival_maze, layout_basic
D:2:      layout_basic
D:3:      layout_rooms, gammafunk_temple_overflow_elements, uniq_natasha,
          uniq_crazy_yiuf_cottage
D:4:      layout_loops_cross, led_sif_pool, kennysheep_generic_room_13,
          uniq_pikel, uniq_grinder

Skill      XL: |  1  2  3  4  5  6 |
---------------+-------------------+-----
Short Blades   | 3 4 6 |  6.9
Fighting       | 3 |  3.8
Armour         | 4 |  4.6
Shields        | |  3.2

Action                   |  1- 3 |  4- 6 |  7- 9 || total
-------------------------+-------+-------+-------++-------
Melee: Rapier            |   100 |   152 |    26 ||   278
  Use: Scroll            |       |     8 |     2 ||    10
       Potion            |       |     1 |       ||     1
Armor: Scale mail        |    28 |     2 |       ||    30
       Plate armour      |       |    85 |    10 ||    95
Dodge: Dodged            |    39 |    31 |     4 ||    74
Block: Kite shield       |    40 |    70 |     6 ||   116

Table legend: (Time is in decaauts)
 A = Elapsed time spent in this place.
 B = Non-inter-level travel time spent in this place.
 C = Inter-level travel time spent in this place.
 D = Time resting spent in this place.
 E = Time spent auto-exploring this place.
 F = Levels seen in this place.
 G = Mean time per level.
                   A        B        C        D        E       F      G
               +--------+--------+--------+--------+--------+-----+--------+
         Total |   2718 |   2670 |     48 |    128 |   1959 |   4 |  679.5 |
       Dungeon |   2718 |   2670 |     48 |    128 |   1959 |   4 |  679.5 |
               +--------+--------+--------+--------+--------+-----+--------+

Top non-repeatable levels by time:
     D:3: 1084 daAuts
     D:2: 985 daAuts
     D:1: 621 daAuts
     D:4: 26 daAuts
